 Dungeon Crawl Stone Soup version 0.17-a0-155-g14e20c2 (webtiles) character file.

303 Tabbe the Grave Robber (level 6, -7/49 HPs)
             Began as a Deep Dwarf Necromancer on Mar 25, 2015.
             Was an Initiate of Makhleb.
             Mangled by an orc wizard
             ... wielding a +2 dagger of electrocution
              (16 damage)
             ... on level 4 of the Dungeon.
             The game lasted 00:06:36 (2582 turns).

Tabbe the Grave Robber (Deep Dwarf Necromancer)     Turns: 2582, Time: 00:06:36

Health: -7/49      AC:  2    Str: 16    XL:     6   Next: 15%
Magic:  2/11       EV: 13    Int: 18    God:    Makhleb [......]
Gold:   179        SH:  0    Dex: 13    Spells: 2 memorised, 6 levels left

rFire  . . .     SeeInvis .     l - +0 whip
rCold  . . .     Clarity  .     a - +0 robe
rNeg   . . .     SustAb   .     (no shield)
rPois  .         Gourm    .     (no helmet)
rElec  .         Spirit   .     (no cloak)
rCorr  .         Warding  .     (no gloves)
rMut   .         Stasis   .     (no boots)
MR     .....                    (no amulet)
Stlth  ++........               (no ring)
                                (no ring)

@: mighty, non-regenerating, not resistant to hostile enchantments, unstealthy
A: damage resistance, recharge devices, sense surroundings 1, slow healing 3
a: Device Recharging, Renounce Religion


You were on level 4 of the Dungeon.
You worshipped Makhleb.
Makhleb was noncommittal.
You were very hungry.

You visited 1 branch of the dungeon, and saw 4 of its levels.

You collected 179 gold pieces.

Inventory:

Hand weapons
 l - a +0 whip (weapon)
Armour
 a - a +0 robe (worn)
Jewellery
 j - an uncursed ring of teleportation
Magical devices
 c - a wand of heal wounds (1)
 o - a wand of slowing (12)
Scrolls
 e - 3 scrolls of identify
 g - 2 scrolls of fear {unknown}
 q - 2 scrolls of enchant armour {unknown}
 v - a scroll of magic mapping
 w - a scroll of random uselessness {unknown}
Potions
 h - a potion of lignification
 i - a potion of curing {unknown}
 k - a potion of flight {unknown}
 n - a potion of invisibility {unknown}
 p - a potion of cancellation {unknown}
Books
 b - a book of Necromancy

   Spells                             Type                      Level
   a - Pain                           Necromancy                   1
   b - Animate Skeleton               Necromancy                   1
   c - Vampiric Draining              Necromancy                   3
   d - Regeneration                   Charms/Necromancy            3
   e - Animate Dead                   Necromancy                   4
   f - Control Undead                 Necromancy                   4
Comestibles
 d - 3 bread rations
 m - 4 meat rations
 r - a chunk of flesh
 s - a slice of pizza
 t - a beef jerky
 u - a royal jelly


   Skills:
 - Level 1.3 Maces & Flails
 + Level 2.9 Armour
 + Level 3.8 Dodging
 - Level 2.4 Stealth
 + Level 2.8 Spellcasting
 * Level 5.7 Necromancy


You had 6 spell levels left.
You knew the following spells:

 Your Spells              Type           Power        Failure   Level  Hunger
a - Pain                  Necr           ###.         1%          1    None
b - Vampiric Draining     Necr           ###.......   6%          3    ###....


Dungeon Overview and Level Annotations

Branches:
Dungeon (4/15)
 Temple: D:4-7

Altars:
Dithmenos
Makhleb
Trog


Innate Abilities, Weirdness & Mutations

You are resistant to damage.
You can recharge devices by infusing magical energy.
You passively map a small area around you.
You do not heal naturally.


Message History

The orc priest invokes the aid of Beogh against you.
Something smites you!
Drink which item? (? for menu, Esc to quit)
It was a potion of might.
You feel very mighty all of a sudden. The orc hits you with a club.
You closely miss the orc.
The orc priest mumbles some strange prayers to Beogh against you.
Something smites you! The orc closely misses you.
You closely miss the orc. The orc hits you with a club.
You hit the orc!
You kill the orc!
Makhleb accepts your kill.
The orc priest invokes the aid of Beogh against you.
Something smites you!
* * * LOW HITPOINT WARNING * * *
You closely miss something.
You hear some strange, mumbled words.
You feel troubled. Something hits you.
You are electrocuted!
You die...

##.##.#.## , . #(K...
#......#.# .. ##.#... #..#
...####..#... , ##.## *
#.#.....#### * #..#
#####.#...###.#
#.########.....###.(...#
#.#........#####.....###
###.#.##########...##...#####
#...........@{o?.....(.......
#._.#..#######Z..)....#.#####
#.....## #.....>.....####
##.#### #......).<.....#
#..#* ,, ,,..........(####..#
#>##,, #####.........# .# #.
#########.# .. ... ,, .. *
#...


You could see an orc priest and a giant gecko skeleton.

Vanquished Creatures
  Sigmund (D:3)
  2 hounds
  An orc wizard (D:4)
  Ijyb (D:2)
  4 adders
  3 worms (D:2)
  A giant gecko (D:3)
  An ooze (D:1)
  6 orcs
  2 ball pythons (D:3)
  3 giant cockroaches
  5 goblins
  10 hobgoblins
  6 jackals
  5 bats
  2 giant newts
  6 kobolds
  7 rats
66 creatures vanquished.

Notes
Turn   | Place    | Note
--------------------------------------------------------------
     0 | D:1      | Tabbe, the Deep Dwarf Necromancer, began the quest for the Orb.
     0 | D:1      | Reached XP level 1. HP: 15/15 MP: 2/2
     0 | D:1      | Noticed a spriggan zombie
     0 | D:1      | Noticed a merfolk zombie
     1 | D:1      | Noticed a formicid zombie
     3 | D:1      | Noticed a human zombie
     3 | D:1      | Noticed an elf zombie
     5 | D:1      | Noticed a draconian zombie
     6 | D:1      | Noticed a human zombie
    13 | D:1      | Noticed a centaur zombie
    14 | D:1      | Noticed an octopode zombie
    16 | D:1      | Noticed a formicid zombie
    18 | D:1      | Noticed a human zombie
    19 | D:1      | Noticed a merfolk zombie
   162 | D:1      | Reached skill level 1 in Armour
   244 | D:1      | Reached XP level 2. HP: 14/22 MP: 0/4
   692 | D:2      | Noticed Ijyb
   711 | D:3      | Reached XP level 3. HP: 14/28 MP: 0/6
   715 | D:3      | Noticed Sigmund
   737 | D:2      | Killed Ijyb
   915 | D:2      | Reached XP level 4. HP: 7/36 MP: 0/7
  1073 | D:2      | Learned a level 3 spell: Vampiric Draining
  1196 | D:2      | Reached skill level 1 in Maces & Flails
  1505 | D:2      | Found a bloodstained altar of Trog.
  1612 | D:3      | Killed Sigmund
  1612 | D:3      | Reached skill level 5 in Necromancy
  1612 | D:3      | Reached XP level 5. HP: 25/42 MP: 0/9
  1669 | D:3      | Found a shadowy altar of Dithmenos.
  2273 | D:4      | Noticed an ogre
  2407 | D:4      | Noticed an ogre
  2408 | D:4      | Reached XP level 6. HP: 33/49 MP: 0/11
  2509 | D:4      | Found a burning altar of Makhleb.
  2543 | D:4      | Became a worshipper of Makhleb the Destroyer
  2582 | D:4      | Mangled by an orc wizard

Action                   |  1- 3 |  4- 6 || total
-------------------------+-------+-------++-------
Melee: Whip              |    48 |    63 ||   111
 Cast: Pain              |    49 |    38 ||    87
       Vampiric Draining |       |    24 ||    24
Evoke: Wand              |     1 |     4 ||     5
  Use: Scroll            |     4 |       ||     4
       Potion            |       |     1 ||     1
  Eat: Chunk             |     1 |     7 ||     8
